 Dungeon Crawl Stone Soup version 0.30.0-29-ga12c61a403 (webtiles) character file.

Game seed: 4028289132388884375

69 BONEBRO the Chopper (level 4, 0/40 HPs)
             Began as a Hill Orc Monk on June 15, 2023.
             Slain by a goblin
             ... wielding a +0 club
             ... led by Robin
              (5 damage)
             ... on level 2 of the Dungeon.
             The game lasted 00:04:54 (1168 turns).

BONEBRO the Chopper (Hill Orc Monk)                 Turns: 1168, Time: 00:04:54

Health: 0/40       AC:  2    Str: 15    XL:     4   Next: 20%
Magic:  4/4        EV: 12    Int: 10    God:
Gold:   91         SH:  0    Dex: 13    Spells: 3/3 levels left

rFire   . . .        a - +0 hand axe
rCold   . . .        d - orb {light}
rNeg    . . .        b - +0 robe
rPois   .            (no helmet)
rElec   .            (no cloak)
rCorr   .            (no gloves)
SInv    .            (no boots)
Will    .....        (no amulet)
Stlth   +            (no ring)
HPRegen 0.26/turn    (no ring)
MPRegen 0.09/turn

%: no passive effects
@: lethally poisoned (0 -> -20), attractive, hasted, glowing, very quick
A: no striking features
a: no special abilities


You were on level 2 of the Dungeon.
You visited 1 branch of the dungeon, and saw 2 of its levels.

You collected 91 gold pieces.

Inventory:

Hand Weapons
 a - a +0 hand axe (weapon)
Armour
 b - a +0 robe (worn)
 d - an orb of light (worn)
Jewellery
 e - a +4 ring of slaying
Scrolls
 h - a scroll of summoning {unknown}
 i - 2 scrolls of identify {unknown}
 k - a scroll of noise {unknown}
 l - a scroll of torment {unknown}
Potions
 c - a potion of ambrosia
 g - a potion of mutation {unknown}
 j - a potion of haste


   Skills:
 - Level 3.6 Fighting
 + Level 6.5 Axes
 - Level 2.4 Dodging


You had 3 spell levels left.
You didn't know any spells.
Your spell library was empty.

Dungeon Overview and Level Annotations

Branches:
Dungeon (2/15)

Altars:

Shops:
D:1 *

Annotations:
D:2 Robin


Message History

You feel very sick. The goblin hits you with a +0 club.
A goblin comes into view. It is wielding a +0 dagger.
Robin roars a battlecry!
The goblins go into a battle-frenzy!
The goblin hits you with a +1 dagger of venom.
You are more poisoned.
You hear a shout!
You hit the goblin.
You kill the goblin!
You hit the goblin.
You feel very sick. Robin throws the goblin at you!
The goblin hits you with a +1 dagger of venom.
The goblin hits you with a +0 club.
Okay, then.
Okay, then.
Okay, then.
Okay, then.
Okay, then.
It was a potion of attraction.
You feel attractive to monsters.
* * * LOW HITPOINT WARNING * * *
You feel very sick.
A goblin comes into view. It is wielding a +0 dagger.
The goblin hits you but does no damage.
You are lethally poisoned!
The goblin hits you with a +0 club.
* * * LOW HITPOINT WARNING * * *
Robin is attracted toward you. The goblin is attracted toward you.
The hobgoblin is attracted toward you.
It was a potion of haste.
You feel yourself speed up.
* * * LOW HITPOINT WARNING * * *
You feel very sick.
A goblin comes into view. It is wielding a +0 club.
The goblin hits you with a +1 dagger of venom.
* * * LOW HITPOINT WARNING * * *
You are more poisoned.
The goblin hits you with a +0 club.
You die... ... gg.

## #g# #g# #g# #. #g#
#.# #g# #.# #g# #.## ##
#@# ###..## #
##...#g#######.....####
.......................'
###...#.#######.#...####
##.##.# #...........# ##
#.# #.##.#.####.# #.#
#.##.#.####.# ..#
#.##.....##.# .##
#.####.#.##.#


You could see Robin, a hobgoblin (strong) and 7 goblins.

Vanquished Creatures
  Natasha (D:2)
  2 adders (D:2)
  2 dart slugs (D:2)
  2 endoplasms
  3 goblins
  2 hobgoblins (D:2)
  6 ball pythons
  A bat (D:1)
  2 frilled lizards (D:1)
  4 rats (D:1)
25 creatures vanquished.

Notes
Turn   | Place    | Note
-------+----------+-------------------------------------------
     0 | D:1      | BONEBRO the Hill Orc Monk began the quest for the Orb.
     0 | D:1      | Reached XP level 1. HP: 19/19 MP: 1/1
   200 | D:1      | Reached XP level 2. HP: 26/27 MP: 2/2
   212 | D:1      | Found Qorais Voyru's Assorted Antiques.
   695 | D:2      | Reached skill level 5 in Axes
   704 | D:2      | Reached XP level 3. HP: 18/33 MP: 3/3
  1033 | D:2      | Noticed Natasha
  1041 | D:2      | Killed Natasha
  1042 | D:2      | Reached skill level 6 in Axes
  1042 | D:2      | Reached XP level 4. HP: 28/40 MP: 4/4
  1163 | D:2      | Noticed Robin
  1168 | D:2      | Slain by a goblin

Illustrated notes

Levels and vault maps discovered:
D:1:      dpeg_arrival_court, layout_loops_ring, serial_shops,
          nicolae_shop_real_fake_doors, minmay_shallow_snake_nest
D:2:      layout_loops_corners, uniq_crazy_yiuf_cottage, uniq_robin,
          uniq_natasha

Skill      XL: |  1  2  3 |
---------------+----------+-----
Axes           | 5 6 |  6.5
Fighting       | |  3.6
Dodging        | |  2.4

Action                     |  1- 3 |  4- 6 || total
---------------------------+-------+-------++-------
  Melee: Hand axe          |    65 |     2 ||    67
    Use: Potion            |       |     2 ||     2
 Armour: Robe              |     8 |     3 ||    11
  Dodge: Dodged            |    28 |       ||    28
